 Dungeon Crawl Stone Soup version 0.26-a0-542-gbaa144ba5c (webtiles) character file.

Game seed: 3516191474762536635

146486 Errates the Geomancer (level 17, 0/104 HPs)
             Began as a Gargoyle Earth Elementalist on Aug 16, 2020.
             Was a High Priest of Vehumet.
             Slain by a seven-headed hydra (5 damage)
             ... on level 4 of the Swamp on Aug 17, 2020.
             The game lasted 01:43:50 (42157 turns).

Errates the Geomancer (GrEE)                       Turns: 42157, Time: 01:43:51

Health: 0/104      AC: 28    Str: 18    XL:     17   Next: 44%
Magic:  24/32      EV: 16    Int: 30    God:    Vehumet [*****.]
Gold:   4326       SH:  0    Dex: 10    Spells: 4/38 levels left

rFire    + . .     SeeInvis .   x - +1 flail (vorpal)
rCold    . . .     Faith    .   (no shield)
rNeg     + . .     Spirit   .   X - +5 steam dragon scales
rPois    ∞         Reflect  .   (helmet restricted)
rElec    +         Harm     .   k - +2 cloak
rCorr    .                      i - +0 pair of gloves "Zyxzorr" {rF+}
MR       +....                  (no boots)
Stlth    ++........             g - amulet of magic regeneration
HPRegen  0.27/turn              p - +6 ring of intelligence
MPRegen  0.48/turn              Y - ring "Dunorhev" {Wiz Str+5 Int+2}

@: marked, flying
A: big wings, horns 1, blink, mutation resistance 1, negative energy resistance
1, electricity resistance, unbreathing, petrification resistance, rot immunity,
AC +12
a: Stop Flying, Blink, Renounce Religion


You were on level 4 of the Swamp.
You worshipped Vehumet.
Vehumet was extremely pleased with you.
You visited 5 branches of the dungeon, and saw 28 of its levels.
You also visited: Ossuary and Ice Cave.

You collected 5925 gold pieces.
You spent 1599 gold pieces at shops.

Inventory:

Hand Weapons
 j - a +0 morningstar of venom
 x - a +1 vorpal flail (weapon)
Missiles
 b - 606 stones (quivered)
 f - 5 throwing nets
Armour
 i - the +0 pair of gloves "Zyxzorr" (worn) {rF+}
   (You acquired it on level 11 of the Dungeon)

   It protects you from fire.
 k - a +2 cloak (worn)
 X - +5 steam dragon scales (worn)
Jewellery
 g - an amulet of magic regeneration (around neck)
 p - a +6 ring of intelligence (left hand)
 K - the ring "Gefafasyna" {rPois Dex+3 SInv}
   (You found it on level 2 of the Swamp)

   [ring of poison resistance]

   It affects your dexterity (+3).
   It protects you from poison.
   It lets you see invisible.
 Y - the ring "Dunorhev" (right hand) {Wiz Str+5 Int+2}
   (You found it in an ice cave)

   [ring of wizardry]

   It improves your spell success rate.
   It affects your strength (+5).
   It affects your intelligence (+2).
 Z - an uncursed ring of fire
Wands
 a - a wand of iceblast (11)
 m - a wand of acid (16)
 t - a wand of digging (12)
 u - a wand of paralysis (22)
 F - a wand of enslavement (10)
 M - a wand of disintegration (10)
Scrolls
 c - a scroll of holy word
 l - 12 scrolls of teleportation
 n - 12 scrolls of remove curse
 o - 2 scrolls of identify
 q - a scroll of enchant weapon
 s - 5 scrolls of amnesia
 A - a scroll of enchant armour
 B - 2 scrolls of magic mapping
 D - 4 scrolls of fog
 E - 3 scrolls of blinking
Potions
 d - a potion of resistance
 e - 18 potions of curing
 h - 2 potions of mutation
 v - 7 potions of might
 w - 4 potions of stabbing
 C - 5 potions of brilliance
 H - 2 potions of heal wounds
 I - 3 potions of invisibility
 L - 2 potions of cancellation
 R - 3 potions of magic
 S - 6 potions of ambrosia
Miscellaneous
 y - a phial of floods
 J - a lightning rod (3/4)
 V - a phantom mirror


   Skills:
 + Level 11.5 Fighting
 + Level 10.6 Maces & Flails
 - Level 6.0 Armour
 + Level 9.3 Dodging
 - Level 2.1 Stealth
 + Level 11.4 Spellcasting
 + Level 12.9 Conjurations
   Level 0.7 Transmutations
 * Level 11.9 Fire Magic
 + Level 14.5 Earth Magic
 - Level 6.0 Evocations


You had 4 spell levels left.
You knew the following spells:

 Your Spells              Type           Power        Failure   Level
a - Sandblast             Erth           ######       0%          1
b - Stone Arrow           Conj/Erth      ######       1%          3
c - Lee's Rapid Deconstr  Erth           #######...   1%          5
d - Iron Shot             Conj/Erth      #######...   1%          6
e - Fireball              Conj/Fire      #######...   1%          5
f - Starburst             Conj/Fire      #######...   1%          6
g - Ignition              Fire           ######....   16%         8

Your spell library contained the following spells:

 Spells                   Type           Power        Failure   Level
 Ozocubu's Refrigeration  Ice            ###.......   41%         6
 Foxfire                  Conj/Fire      ####         0%          1
 Beastly Appendage        Tmut           ###...       1%          1
 Corona                   Hex            ###....      1%          1
 Sting                    Tmut/Pois      ###.         1%          1
 Ensorcelled Hibernation  Hex/Ice        ###...       1%          2
 Passwall                 Tmut/Erth      ######..     1%          2
 Poisonous Vapours        Pois/Air       ###...       1%          2
 Wereblood                Tmut           ###.....     1%          2
 Conjure Flame            Conj/Fire      #######.     1%          3
 Dazzling Flash           Conj/Hex       ######       1%          3
 Ignite Poison            Fire/Tmut/Pois #####...     1%          3
 Inner Flame              Hex/Fire       ######..     1%          3
 Mephitic Cloud           Conj/Pois/Air  #####...     1%          3
 Petrify                  Tmut/Erth      ######..     1%          4
 Sticky Flame             Conj/Fire      #######.     1%          4
 Confusing Touch          Hex            ###.....     3%          3
 Spider Form              Tmut/Pois      ###.......   3%          3
 Tukima's Dance           Hex            ###.....     3%          3
 Olgreb's Toxic Radiance  Pois           ###.....     3%          4
 Ice Form                 Ice/Tmut       ###.....     11%         4
 Bolt of Magma            Conj/Fire/Erth #######...   1%          5
 Iskenderun's Battlesphe  Conj           #######.     1%          5
 Orb of Destruction       Conj           #######...   1%          7
 Spellforged Servitor     Conj/Summ      ######....   19%         7
 Blade Hands              Tmut           ###.......   26%         5


Dungeon Overview and Level Annotations

Branches:
Dungeon (15/15)            Temple (1/1) D:7            Lair (6/6) D:11
  Swamp (4/4) Lair:2       Spider (0/4) Lair:4        Slime (0/5) Lair:5
    Orc (2/2) D:11            Elf (0/3) Orc:2        Vaults (0/5) D:13
 Depths (0/5) D:15        Ossuary (visited)           IceCv (visited)

Altars:
Ashenzari
Cheibriados
Dithmenos
Elyvilon
Fedhas
Gozag
Kikubaaqudgha
Makhleb
Nemelex Xobeh
Okawaru
Qazlal
Ru
Trog
Uskayaw
Vehumet
Wu Jian
Xom
Yredelemnul
Zin
The Shining One
Jiyva

Shops:
D:6 [*:   D:9 ?   D:10 ?!(!   Orc:2 (=:[


Innate Abilities, Weirdness & Mutations

You are resistant to torment.
Your stone body is resilient. (AC +12)
You are immune to poison.
Your large and strong wings let you fly indefinitely.
You resist negative energy. (rN+)
You are resistant to electric shocks. (rElec)
You can survive without breathing.
You are immune to petrification.
You are immune to rotting.
You have a pair of small horns on your head.
You can translocate small distances at will.
You are somewhat resistant to further mutation.


Message History

Unknown command.
Unknown command.
Unknown command.
Casting: Ignition (quite dangerous; 16% risk of failure)
Confirm with . or Enter, or press ? or * to list all spells.
The spell is quite dangerous to cast (16% risk of failure)!
Continue anyway?
The air bursts into flame!
The fireball engulfs the seven-headed hydra!
The seven-headed hydra is almost dead.
The fireball engulfs the alligator!!
The alligator is severely wounded.
The alligator is engulfed in a cloud of scalding steam.
The seven-headed hydra bites you.
* * * LOW HITPOINT WARNING * * *
The seven-headed hydra bites you!
* * * LOW HITPOINT WARNING * * *
The seven-headed hydra bites you!
* * * LOW HITPOINT WARNING * * *
The seven-headed hydra bites you.
You die...

♣♣♣...≈**,≈≈≈≈≈,,≈≈≈,,,≈≈,,≈≈,**
....≈.**♣≈.≈≈≈≈≈≈≈≈≈..≈≈≈,≈≈≈,**
.....≈,≈♣≈≈≈≈≈≈≈≈≈≈≈§≈≈≈≈,*,,,≈*
≈§♣♣♣♣♣*.≈≈≈≈≈≈≈≈≈≈≈≈≈≈≈≈,***≈**
≈≈♣..≈♣*..≈≈≈≈.≈≈≈≈♣≈≈≈≈≈,* *****
≈..≈≈♣♣**♣≈≈≈≈.♣.≈≈≈≈≈≈≈,≈* *,≈,,
.♣.≈.♣ **.≈.≈..§§≈.≈≈≈,****≈≈,,
.♣♣♣♣♣ **♣♣..§§§..≈≈.≈≈,*,≈≈≈,
♣♣♣♣ ♣♣♣♣♣♣♣♣≈§.@t§.....,≈≈,,≈≈≈,
.≈.♣♣♣§..≈≈.♣..D†§.§...≈≈,,,*≈≈≈,
≈≈.≈≈.≈♣♣♣♣≈≈♣§§...≈≈≈≈≈≈,,****≈,
≈≈≈..§♣#**#♣.≈.♣♣♣♣§≈≈≈.≈,,,,**≈≈
♣≈≈≈♣♣#*,,*#♣≈♣#***#♣§≈=,,,,,≈**,
§.≈♣#**,≈,≈*#♣#*≈,,***♣♣≈≈,,≈****
.≈♣#*,,,≈≈≈≈***≈≈≈,≈*****,≈≈,,* *
≈.♣**,≈≈≈≈**≈≈≈≈≈≈≈,,,,***,≈≈,***
≈♣#*,≈≈≈≈≈*≈≈≈≈≈≈≈≈≈≈≈,,***,≈,,**


You could see an alligator and a seven-headed hydra.

Vanquished Creatures
  A thorn hunter (Swamp:3)
  A tengu reaver (D:15)
  2 very ugly things
  Nessos (D:12)
  2 yaktaur captains (D:15)
  Erolcha (D:11)
  Fannar (D:11)
  A deep elf high priest (D:15)
  2 ice dragons (IceCv)
  Harold (Lair:2)
  8 hydras
  2 ghost crabs
  12 centaur warriors
  2 two-headed ogres
  An ogre mage (D:13)
  A deep troll earth mage (D:15)
  12 alligators
  11 death yaks
  5 tengu warriors
  Sonja (D:10)
  5 skeletal warriors
  4 unseen horrors
  2 swamp dragons
  2 spriggan druids
  3 orc knights
  6 ugly things
  3 deep elf magi
  2 wolf spider zombies
  An orc sorcerer (Orc:1)
  3 cyclopes
  3 wolf spiders (Lair:4)
  4 manticores
  33 slime creatures
  Joseph (D:7)
  2 ice statues (IceCv)
  Maurice (D:12)
  3 black mambas
  13 elephants
  39 cane toads
  A torpor snail (Lair:3)
  A kobold demonologist (D:13)
  A freezing wraith (D:15)
  5 rime drakes
  2 komodo dragons
  An efreet (D:10)
  5 trolls
  2 yaktaurs (D:15)
  2 tengu conjurers (D:13)
  A polar bear (Lair:2)
  A harpy zombie (D:15)
  A queen bee (Lair:1)
  6 hornets
  11 tyrant leeches
  5 dream sheep (Lair:5)
  5 bog bodies
  39 blink frogs
  A meliai zombie (D:13)
  9 hippogriffs
  3 wraiths
  3 shadows
  6 spriggans
  A fire bat (shapeshifter) (D:15)
  7 basilisks
  32 yaks
  2 wyverns
  3 fire bats (Lair:1)
  Grum (D:11)
  2 steam dragons
  2 wargs (Orc:1)
  22 vampire mosquitoes
  25 swamp worms
  4 insubstantial wisps (Swamp:1)
  7 water moccasins
  3 swamp drakes (Swamp:3)
  A floating eye (shapeshifter) (D:14)
  2 hornet zombies
  A meliai simulacrum (D:15)
  6 porcupines
  24 ice beasts
  38 orc warriors
  A sky beast (D:8)
  2 black bears
  2 necrophages
  2 phantoms
  17 wolves
  14 ogres
  33 centaurs
  10 crocodiles
  27 bullfrogs
  2 wyvern zombies
  Blork the orc (D:6)
  A big kobold (D:8)
  A gnoll sergeant (D:10)
  2 wyvern skeletons
  7 scorpions
  A water moccasin skeleton (D:6)
  15 wights
  14 killer bees (Lair:1)
  3 electric eels
  5 howler monkeys
  4 centaur zombies
  A bullfrog zombie (D:8)
  A quasit (D:9)
  A lava snake (Lair:1)
  5 jellies
  28 orc wizards
  Crazy Yiuf (D:5)
  A human zombie (Ossuary)
  25 orc priests
  9 centaur skeletons
  3 hounds
  2 bullfrog skeletons
  5 iguanas
  10 worker ants
  A killer bee zombie (D:9)
  2 mummies (Ossuary)
  A howler monkey zombie (D:5)
  Robin (D:2)
  7 gnolls
  A howler monkey skeleton (D:4)
  2 worker ant zombies
  23 adders
  2 shadow imps
  An ooze (D:2)
  An adder zombie (Ossuary)
  A worm zombie (D:8)
  2 adder skeletons
  5 worms
  A dart slug (D:1)
  4 leopard geckos
  87 orcs
  4 bats
  A giant cockroach (Lair:4)
  14 goblins
  9 hobgoblins
  11 jackals
  7 kobolds
  A quokka (D:6)
  4 ball pythons
  10 frilled lizards
  3 goblin zombies (Ossuary)
  9 hobgoblin zombies (Ossuary)
  2 jackal zombies (Ossuary)
  7 kobold zombies (Ossuary)
  9 orc zombies (Ossuary)
  5 rats
  3 rat zombies (Ossuary)
  23 briar patches
  5 fungi
  9 plants
1026 creatures vanquished.

Vanquished Creatures (collateral kills)
  A shambling mangrove (Swamp:3)
  A death yak (D:11)
  A swamp drake (Swamp:1)
3 creatures vanquished.

Vanquished Creatures (others)
  An ugly thing (D:11)
  2 steam dragons (Swamp:4)
  2 swamp drakes (Swamp:4)
  2 orc warriors (Orc:2)
  A centaur (Orc:2)
  3 orcs (Orc:2)
  A hobgoblin (D:2)
  A quokka (D:12)
  A briar patch (Swamp:2)
  4 fungi
  32 plants
50 creatures vanquished.

Grand Total: 1079 creatures vanquished

Notes
Turn   | Place    | Note
-------+----------+-------------------------------------------
     0 | D:1      | Errates the Gargoyle Earth Elementalist began the quest for
                  | the Orb.
     0 | D:1      | Reached XP level 1. HP: 10/10 MP: 3/3
   198 | D:1      | Reached XP level 2. HP: 14/15 MP: 5/5
   261 | D:1      | Reached skill level 4 in Earth Magic
   897 | D:1      | Reached XP level 3. HP: 17/19 MP: 6/6
   911 | D:1      | Learned a level 3 spell: Stone Arrow
  1621 | D:2      | Noticed Robin
  1633 | D:1      | Reached skill level 1 in Conjurations
  1912 | D:2      | Reached XP level 4. HP: 19/24 MP: 5/8
  1935 | D:2      | Killed Robin
  2508 | D:3      | Gained mutation: You are clumsy. (Dex -2) [potion of
                  | mutation]
  2508 | D:3      | Gained mutation: You are partially covered in large bone
                  | plates. (SH +4) [potion of mutation]
  2904 | D:4      | Reached skill level 5 in Earth Magic
  2979 | D:4      | Noticed an ogre
  3010 | D:3      | Reached XP level 5. HP: 12/28 MP: 7/9
  3017 | D:3      | Learned a level 5 spell: Lee's Rapid Deconstruction
  3506 | D:4      | Reached XP level 6. HP: 23/32 MP: 5/11
  3792 | D:4      | Reached skill level 6 in Earth Magic
  3800 | D:4      | Reached XP level 7. HP: 36/36 MP: 6/13
  4006 | D:5      | Entered Level 5 of the Dungeon
  4422 | D:5      | Found a runed translucent door.
  4423 | D:5      | Noticed Crazy Yiuf
  4428 | D:5      | Killed Crazy Yiuf
  4767 | D:5      | Reached skill level 5 in Spellcasting
  4767 | D:5      | Reached skill level 7 in Earth Magic
  4995 | D:6      | Reached skill level 5 in Conjurations
  4995 | D:6      | Reached XP level 8. HP: 34/41 MP: 15/15
  5130 | D:6      | Found Qoumiten's General Store.
  5330 | D:6      | Found Voemuevu's Book Boutique.
  5520 | D:6      | Noticed Blork the orc
  5540 | D:6      | Killed Blork the orc
  5681 | D:6      | Reached skill level 8 in Earth Magic
  5832 | D:6      | Found Ytti Jah's Antique Armour Shop.
  6377 | D:7      | Reached skill level 1 in Armour
  6379 | D:7      | Reached skill level 1 in Fighting
  6396 | D:7      | Reached skill level 1 in Maces & Flails
  6396 | D:7      | Reached XP level 9. HP: 46/47 MP: 11/18
  6450 | D:7      | Found the cursed +14 obsidian axe {vorpal, +Fly SInv
                  | *Curse}
  6458 | D:7      | Reached skill level 1 in Evocations
  6529 | D:7      | Found a staircase to the Ecumenical Temple.
  6539 | D:7      | Noticed Joseph
  6544 | D:7      | Noticed a deep elf mage
  6551 | D:7      | Killed Joseph
  6554 | D:7      | Killed a deep elf mage
  6741 | Temple   | Entered the Ecumenical Temple
  6863 | Temple   | Became a worshipper of Vehumet
  7018 | D:7      | Reached skill level 9 in Earth Magic
  7597 | D:8      | Reached XP level 10. HP: 56/56 MP: 3/19
  7598 | D:8      | Noticed a manticore
  7599 | D:8      | Noticed a centaur warrior
  7848 | D:8      | Killed a centaur warrior
  7961 | D:8      | Lost mutation: You are clumsy. (Dex -2) [potion of
                  | mutation]
  7961 | D:8      | Lost mutation: You are partially covered in large bone
                  | plates. (SH +4) [potion of mutation]
  7961 | D:8      | Gained mutation: You can translocate small distances at
                  | will. [potion of mutation]
  7961 | D:8      | Gained mutation: You have a pair of small horns on your
                  | head. [potion of mutation]
  7961 | D:8      | Gained mutation: You are somewhat resistant to further
                  | mutation. [potion of mutation]
  7966 | D:8      | Reached * piety under Vehumet
  7966 | D:8      | Offered knowledge of Shock by Vehumet.
  8016 | D:8      | Killed a manticore
  8061 | D:8      | Found a sand-covered staircase.
  8070 | Ossuary  | Entered an ossuary
  8316 | Ossuary  | Reached ** piety under Vehumet
  8316 | Ossuary  | Offered knowledge of Searing Ray by Vehumet.
  8456 | D:8      | Noticed a two-headed ogre
  8464 | D:8      | Killed a two-headed ogre
  8884 | D:8      | Found a sacrificial altar of Ru.
  9157 | D:9      | Found a burning altar of Makhleb.
  9161 | D:9      | Found a stormy altar of Qazlal.
  9437 | D:9      | Offered knowledge of Conjure Flame by Vehumet.
  9437 | D:9      | Reached XP level 11. HP: 44/62 MP: 21/21
  9855 | D:9      | Found Veohor's Magic Scroll Shop.
  9861 | D:9      | Found a sparkling altar of Nemelex Xobeh.
  9861 | D:9      | Found a shimmering altar of Xom.
  9863 | D:9      | Bought a scroll of blinking for 97 gold pieces
 10218 | D:10     | Entered Level 10 of the Dungeon
 10443 | D:10     | Reached skill level 5 in Armour
 10465 | D:10     | Reached *** piety under Vehumet
 10623 | D:10     | Found Ymmol's Magic Scroll Emporium.
 10630 | D:10     | Reached skill level 5 in Fighting
 10824 | D:10     | Found Caumem's Distillery.
 10856 | D:10     | Bought a potion of heal wounds for 55 gold pieces
 10856 | D:10     | Bought a potion of curing for 33 gold pieces
 10856 | D:10     | Bought a potion of curing for 33 gold pieces
 10856 | D:10     | Bought a potion of curing for 33 gold pieces
 10856 | D:10     | Bought 2 potions of curing for 66 gold pieces
 10856 | D:10     | Bought a potion of heal wounds for 55 gold pieces
 10926 | D:10     | Noticed Sonja
 10938 | D:10     | Killed Sonja
 10938 | D:10     | Reached skill level 10 in Earth Magic
 10968 | D:10     | Found Cukuwom's Weapon Boutique.
 11008 | D:10     | Found Myifiyse's Distillery.
 11017 | D:10     | Bought a potion of heal wounds for 70 gold pieces
 11017 | D:10     | Bought a potion of heal wounds for 70 gold pieces
 11017 | D:10     | Bought a potion of invisibility for 112 gold pieces
 11276 | D:11     | Noticed Erolcha
 11280 | D:11     | Killed Erolcha
 11407 | D:11     | Found a staircase to the Orcish Mines.
 11432 | D:11     | Offered knowledge of Mephitic Cloud by Vehumet.
 11439 | D:11     | Reached skill level 5 in Maces & Flails
 11785 | D:11     | Noticed a death yak
 11785 | D:11     | Noticed a cyan ugly thing
 11785 | D:11     | Noticed a death yak
 11786 | D:11     | Noticed a death yak
 11787 | D:11     | Noticed a death yak
 11806 | D:11     | Noticed a death yak
 11808 | D:11     | Noticed a death yak
 11809 | D:11     | Noticed a death yak
 11817 | D:11     | Killed a death yak
 11825 | D:11     | Killed a death yak
 11996 | D:11     | Noticed an unseen horror
 12002 | D:11     | Killed an unseen horror
 12037 | D:11     | Noticed Fannar
 12045 | D:11     | Killed Fannar
 12191 | D:11     | Noticed a skeletal warrior
 12192 | D:11     | Noticed a skeletal warrior
 12193 | D:11     | Killed a skeletal warrior
 12193 | D:11     | Noticed a skeletal warrior
 12194 | D:11     | Noticed a skeletal warrior
 12201 | D:11     | Killed a skeletal warrior
 12201 | D:11     | Reached XP level 12. HP: 70/70 MP: 22/24
 12206 | D:11     | Reached skill level 5 in Dodging
 12206 | D:11     | Reached skill level 5 in Evocations
 12848 | D:11     | Reached **** piety under Vehumet
 13027 | D:11     | Noticed Grum
 13043 | D:11     | Killed Grum
 13164 | D:11     | Offered knowledge of Fulminant Prism by Vehumet.
 13244 | D:11     | Found a staircase to the Lair.
 13451 | D:11     | Identified a scroll of acquirement
 13451 | D:11     | Acquired the +0 pair of gloves "Zyxzorr" {rF+}
 13769 | D:12     | Found a white marble altar of Elyvilon.
 14002 | D:12     | Reached skill level 11 in Earth Magic
 14867 | D:12     | Noticed Nessos
 14871 | D:12     | Killed Nessos
 14981 | D:12     | Noticed Maurice
 14986 | D:12     | Killed Maurice
 15162 | D:12     | Reached ***** piety under Vehumet
 15510 | D:12     | Learned a level 6 spell: Iron Shot
 15516 | D:12     | Learned a level 5 spell: Bolt of Magma
 15721 | D:13     | Noticed a centaur warrior
 15729 | D:13     | Killed a centaur warrior
 15731 | D:13     | Reached skill level 1 in Fire Magic
 15865 | D:13     | Reached XP level 13. HP: 76/76 MP: 14/25
 15894 | D:13     | Offered knowledge of Freezing Cloud by Vehumet.
 16322 | D:13     | Reached skill level 10 in Conjurations
 16741 | D:13     | Found a gate to the Vaults.
 19261 | D:14     | Reached skill level 12 in Earth Magic
 19320 | D:14     | Found a bloodstained altar of Trog.
 19355 | D:14     | Noticed a purple very ugly thing
 19363 | D:14     | Killed a purple very ugly thing
 19363 | D:14     | Reached skill level 5 in Fire Magic
 20012 | D:14     | Gained mutation: Your large and strong wings let you fly
                  | indefinitely. [Gargoyle growth]
 20012 | D:14     | Reached XP level 14. HP: 61/84 MP: 6/27
 20425 | D:14     | Learned a level 5 spell: Fireball
 21209 | Lair:1   | Entered Level 1 of the Lair of Beasts
 23030 | Lair:2   | Offered knowledge of Starburst by Vehumet.
 23040 | Lair:2   | Learned a level 6 spell: Starburst
 23361 | Lair:2   | Noticed Harold
 23366 | Lair:2   | Killed Harold
 24120 | Lair:2   | Found a staircase to the Swamp.
 25085 | D:11     | Reached skill level 10 in Spellcasting
 25752 | Lair:3   | Reached XP level 15. HP: 83/91 MP: 29/29
 26263 | Lair:4   | Found a hole to the Spider Nest.
 26610 | Lair:4   | Reached skill level 13 in Earth Magic
 27567 | Lair:5   | Found a viscous altar of Jiyva.
 27567 | Lair:5   | Found a staircase to the Slime Pits.
 28263 | Lair:6   | Entered Level 6 of the Lair of Beasts
 28263 | Lair:6   | Found the +9 scales of the Dragon King {rPois rF+ rC+ MR+}
 29165 | Lair:6   | Reached skill level 10 in Fighting
 29292 | Lair:6   | Offered knowledge of Yara's Violent Unravelling by Vehumet.
 30583 | Orc:1    | Entered Level 1 of the Orcish Mines
 30721 | Orc:2    | Entered Level 2 of the Orcish Mines
 30779 | Orc:2    | Found a frozen archway.
 30799 | IceCv    | Entered an ice cave
 30992 | IceCv    | Reached XP level 16. HP: 98/98 MP: 24/30
 31522 | IceCv    | Got a heavily runed glass ring
 31523 | IceCv    | Identified the ring of Sunlight {*Contam rPois rC+ Str+5}
                  | (You found it in an ice cave)
 31528 | IceCv    | Got a warped steel ring
 31529 | IceCv    | Identified the ring "Dunorhev" {Wiz Str+5 Int+2} (You found
                  | it in an ice cave)
 31733 | Orc:2    | Reached skill level 10 in Fire Magic
 32114 | Orc:2    | Found Imiuqagi's Book Shop.
 32114 | Orc:2    | Found Waloly's Jewellery Emporium.
 32114 | Orc:2    | Found Ogamon's Weapon Shoppe.
 32128 | Orc:2    | Reached ****** piety under Vehumet
 32128 | Orc:2    | Offered knowledge of Lightning Bolt by Vehumet.
 32462 | Orc:2    | Found Tesan's Antique Armour Boutique.
 32972 | Orc:2    | Found a staircase to the Elven Halls.
 33656 | D:15     | Entered Level 15 of the Dungeon
 34690 | D:15     | Noticed a tengu reaver
 34694 | D:15     | Killed a tengu reaver
 34979 | D:15     | Found a staircase to the Depths.
 35176 | D:15     | Reached skill level 10 in Maces & Flails
 35445 | D:15     | Reached skill level 14 in Earth Magic
 35968 | D:15     | Upgraded the game from 0.26-a0-541-g3b3d21e777 to
                  | 0.26-a0-542-gbaa144ba5c
 36295 | Swamp:1  | Entered Level 1 of the Swamp
 36519 | Swamp:1  | Offered knowledge of Conjure Ball Lightning by Vehumet.
 37291 | Swamp:1  | Identified the +2 leather armour of Eternal Night {rCorr
                  | SInv} (You found it on level 1 of the Swamp)
 37743 | Swamp:2  | Found a transporter.
 37750 | Swamp:2  | Identified the +4 lajatang of the Hall of Blades {holy,
                  | +Rage +Fly rC+} (You found it on level 2 of the Swamp)
 38579 | Swamp:2  | Found a transporter.
 38585 | Swamp:2  | Got a wavering golden ring
 38586 | Swamp:2  | Identified the ring "Gefafasyna" {rPois Dex+3 SInv} (You
                  | found it on level 2 of the Swamp)
 38590 | Swamp:2  | Identified the +0 pair of gloves of the Shoals {rF+} (You
                  | found it on level 2 of the Swamp)
 39142 | Swamp:2  | Reached XP level 17. HP: 104/104 MP: 11/32
 39877 | Swamp:3  | Identified the cursed +0 leather armour of the Enchanted
                  | Forest {rF- MR+ Regen+ Int+5} (You found it on level 3 of
                  | the Swamp)
 41135 | Swamp:3  | Acquired 2400 gold pieces
 41158 | Swamp:3  | Offered knowledge of Ozocubu's Refrigeration by Vehumet.
 41543 | Orc:2    | Bought a book of Fire for 975 gold pieces
 41553 | Orc:2    | Learned a level 8 spell: Ignition
 41771 | Swamp:4  | Entered Level 4 of the Swamp
 42157 | Swamp:4  | HP: 5/104 [seven-headed hydra (11)]
 42157 | Swamp:4  | Slain by a seven-headed hydra

Illustrated notes

Levels and vault maps discovered:
D:1:      dpeg_arrival_morbid_curiosity, layout_basic, minmay_tetromino_t4
D:2:      layout_rooms, uniq_robin
D:3:      layout_basic
D:4:      layout_cave_pools, serial_column_ruins, column_ruins_square_large,
          column_ruins_open_tiny, column_ruins_corridor_straight,
          column_ruins_grid_1, column_ruins_columns_corner,
          column_ruins_columns_straight
D:5:      layout_cave_pools, grunt_decor_fettered, uniq_crazy_yiuf_cottage
D:6:      layout_cave_pools, serial_shops, shop, shop, shop, grunt_tough_drop,
          uniq_blork_the_orc
D:7:      layout_loops_ring, minmay_temple_entry_tees, corexii_hall_statues_u,
          uniq_joseph
D:8:      layout_rooms, marbit_many_paths, enter_ossuary_3,
          nicolae_lava_and_water, minmay_manual_mess
D:9:      kennysheep_six_static_rooms, layout_rooms,
          nicolae_overflow_hidden_temple, serial_shops, shop_scrolls,
          minivault_25, chequers_big_river, minmay_lizard_king
D:10:     layout_loops_ring, serial_shops, shop_statue, shop,
          nicolae_shop_stone, kennysheep_mini_moat, uniq_sonja
D:11:     layout_long_grid, dpeg_lair_monsters, david_orc_2, uniq_grum,
          uniq_erolcha, uniq_fannar
D:12:     layout_long_grid, elyvilon_altar_4, uniq_maurice, uniq_nessos
D:13:     layout_basic, hangedman_vaults_entry_quadrant_bands
D:14:     cheibrodos_fzero, layout_irregular_city, david_defended_altar_orc
D:15:     grunt_enter_depths_snipers, layout_irregular_city,
          hangedman_glass_teeth, minmay_diamond_spiral
Temple:   eino_temple_rhombus
Lair:1:   layout_gridlike, special_room [special_room_bee]
Lair:2:   wander_river, layout_regular_city,
          nicolae_swamp_entry_splash_gauntlet, uniq_harold
Lair:3:   layout_roguey, grunt_megastairs_5
Lair:4:   minmay_lair_venomous_thicket, layout_misc_corridors,
          nicolae_spider_entry_non_spiders, serial_bayou_shore_b
Lair:5:   layout_gridlike, slime_altar_1
Lair:6:   minmay_lair_end_frog_pond, layout_hall_layers
Swamp:1:  layout_basic_swamp, serial_swamp_ruin, evilmike_swamp_ruin_house_1,
          evilmike_swamp_ruin_house_3
Swamp:2:  gammafunk_worm_tunnel, layout_basic_swamp,
          evilmike_swamp_ruin_rubble_2
Swamp:3:  layout_basic_swamp, nicolae_swamp_round_clearing
Swamp:4:  swamp_fiery, layout_basic_swamp, swamp_pool1, roderic_carrion_pond
Orc:1:    layout_caves
Orc:2:    st_orc_rangers, layout_caves, portal_ice_cave_entry_ice_beasts

Skill      XL: |  1  2  3  4  5  6  7  8  9 10 11 12 13 14 15 16 |
---------------+-------------------------------------------------+-----
Earth Magic    | 4 5 6 7 8 9 10 11 12 13 14 | 14.5
Conjurations   | 1 2 3 5 6 7 8 9 10 11 12 | 12.9
Spellcasting   | 3 4 5 6 7 8 9 10 11 | 11.4
Armour         | 1 3 4 6 |  6.0
Fighting       | 1 3 4 6 7 8 9 10 11 | 11.5
Maces & Flails | 1 3 4 5 6 7 8 9 10 | 10.6
Evocations     | 2 3 4 6 |  6.0
Dodging        | 3 4 6 7 8 9 |  9.3
Fire Magic     | 1 5 7 9 11 | 11.9
Stealth        | |  2.1
Transmutations | |  0.7

Action                   |  1- 3 |  4- 6 |  7- 9 | 10-12 | 13-15 | 16-18 || total
-------------------------+-------+-------+-------+-------+-------+-------++-------
Melee: Dagger            |   138 |   158 |    24 |       |       |       ||   320
       Mace              |       |       |   117 |       |       |       ||   117
       Broad axe         |       |       |    20 |       |       |       ||    20
       Flail             |       |       |    18 |   562 |   847 |   272 ||  1699
       Short sword       |       |       |       |    65 |       |       ||    65
       Headbutt          |       |       |       |    76 |   122 |    59 ||   257
       Staff             |       |       |       |       |     8 |     5 ||    13
 Cast: Sandblast         |    25 |    35 |    86 |    50 |    82 |    39 ||   317
       Stone Arrow       |       |     1 |     4 |    15 |     7 |     5 ||    32
       Lee's Rapid Decon |       |       |    11 |    60 |   130 |    50 ||   251
       Iron Shot         |       |       |       |     4 |    66 |    52 ||   122
       Fireball          |       |       |       |       |    24 |   121 ||   145
       Starburst         |       |       |       |       |    42 |    39 ||    81
       Bolt of Magma     |       |       |       |       |       |     7 ||     7
       Ignition          |       |       |       |       |       |     4 ||     4
 Abil: Fly               |       |       |       |       |     1 |       ||     1
       Blink             |       |       |       |       |     3 |       ||     3
Evoke: Wand              |       |       |     1 |    26 |     8 |     4 ||    39
       Lightning rod     |       |       |       |       |       |     6 ||     6
       Phantom mirror    |       |       |       |       |       |     1 ||     1
  Use: Scroll            |     3 |    10 |    10 |     5 |    17 |    20 ||    65
       Potion            |       |     1 |     4 |     7 |     1 |     8 ||    21
 Stab: Paralysed         |       |       |       |    13 |       |       ||    13
       Sleeping          |       |       |       |     1 |     3 |       ||     4
Armor: Robe              |    69 |    11 |       |   156 |   316 |     2 ||   554
       Animal skin       |       |    55 |   118 |   238 |       |       ||   411
       Steam dragon scal |       |       |       |       |   180 |   234 ||   414
Dodge: Dodged            |   108 |    90 |   136 |   578 |  1075 |   466 ||  2453
       Repelled          |       |       |       |       |     1 |     8 ||     9
Block: Other             |       |    27 |    45 |    10 |       |       ||    82

Table legend: (Time is in decaauts)
 A = Elapsed time spent in this place.
 B = Non-inter-level travel time spent in this place.
 C = Inter-level travel time spent in this place.
 D = Time resting spent in this place.
 E = Time spent auto-exploring this place.
 F = Levels seen in this place.
 G = Mean time per level.
                   A        B        C        D        E       F      G
               +--------+--------+--------+--------+--------+-----+--------+
         Total |  42371 |  40157 |   2214 |  10860 |  21323 |  30 | 1412.4 |
       Dungeon |  23853 |  22607 |   1246 |   5455 |  12524 |  15 | 1590.2 |
        Temple |    135 |    116 |     19 |      0 |    113 |   1 |  135.0 |
          Lair |   9283 |   8684 |    599 |   1888 |   5315 |   6 | 1547.2 |
         Swamp |   5655 |   5424 |    231 |   2684 |   2008 |   4 | 1413.8 |
  Orcish Mines |   2134 |   2016 |    118 |    248 |   1202 |   2 | 1067.0 |
       Ossuary |    380 |    380 |      0 |     98 |      0 |   1 |  380.0 |
      Ice Cave |    929 |    929 |      0 |    487 |    161 |   1 |  929.0 |
               +--------+--------+--------+--------+--------+-----+--------+

Top non-repeatable levels by time:
    D:13: 3214 daAuts
    D:14: 2929 daAuts
    D:12: 2304 daAuts
 Swamp:2: 2276 daAuts
    D:11: 2185 daAuts
  Lair:1: 2001 daAuts
     D:1: 1850 daAuts
 Swamp:3: 1832 daAuts
  Lair:2: 1736 daAuts
    D:15: 1715 daAuts
  Lair:5: 1573 daAuts
  Lair:6: 1572 daAuts
    D:10: 1540 daAuts
     D:7: 1418 daAuts
     D:9: 1394 daAuts
